 Dungeon Crawl Stone Soup version 0.32-a0-906-gab96632 (webtiles) character file.

Game seed: 17767747548863967685

1029 sirjones the Shooter (level 8, -1/59 (61) HPs)
             Began as a Coglin Hunter on Apr 5, 2024.
             Slain by a wight
             ... wielding a +3 dire flail
              (13 damage)
             ... on level 6 of the Dungeon.
             The game lasted 00:05:57 (2226 turns).

sirjones the Shooter (Coglin Hunter)                Turns: 2226, Time: 00:05:58

HP:   -1/59 (61)    AC:  6    Str: 11    XL:     8   Next: 23%
MP:   8/8           EV: 11    Int: 11    God:
Gold: 51            SH:  0    Dex: 18    Spells: 7/7 levels left

rFire   . . .        a - +2 sling {Sebastián}
rCold   . . .        d - +1 sling {Theobald}
rNeg    . . .        i - +0 ring mail
rPois   .            (no helmet)
rElec   .            (no cloak)
rCorr   .            n - +0 pair of gloves
SInv    .            (no boots)
Will    .....        (amulet unavailable)
Stlth   +            (ring unavailable)
HPRegen 0.29/turn    (ring unavailable)
MPRegen 0.11/turn    (no gizmo)

%: no passive effects
@: about to teleport, lightly drained, revving
A: off-hand wielding, slow wielding, warmup strikes, no jewellery
a: Invent Gizmo


You were on level 6 of the Dungeon.
You visited 1 branch of the dungeon, and saw 6 of its levels.

You collected 220 gold pieces.
You spent 169 gold pieces at shops.

Inventory:

Hand Weapons
 a - a +2 sling (weapon) {Sebastián}
 d - a +1 sling (offhand) {Theobald}
Armour
 i - a +0 ring mail (worn)
 n - a +0 pair of gloves (worn)
Talismans
 m - a serpent talisman
Scrolls
 b - 2 scrolls of butterflies
 e - 2 scrolls of teleportation
 p - a scroll of vulnerability {unknown}
 r - a scroll of poison
Potions
 c - a potion of heal wounds
 f - 2 potions of lignification
 g - a potion of curing
 h - 2 potions of enlightenment
 j - a potion of resistance {unknown}
 k - a potion of mutation {unknown}
 l - 2 potions of invisibility
 o - a potion of magic {unknown}
 q - a potion of experience {unknown}


   Skills:
 + Level 4.5 Fighting
 * Level 6.5 Ranged Weapons
 + Level 3.5 Armour
 + Level 4.1 Dodging
 - Level 0.7 Stealth


You had 7 spell levels left.
You didn't know any spells.
Your spell library contained the following spells:

 Spells                   Type           Power      Damage    Failure   Level
 Magic Dart               Conj           0%         1d3       63%         1
 Blink                    Tloc           0%         N/A       77%         2
 Call Imp                 Summ           0%         N/A       77%         2
 Dazzling Flash           Conj/Hex       0%         N/A       94%         3
 Starburst                Conj/Fire      0%         6d3       100%        6
 Maxwell's Capacitive Co  Air            0%         ∞         100%        8


Dungeon Overview and Level Annotations

Branches:
Dungeon (6/15)
 Temple: D:4-7

Altars:
Fedhas
Makhleb

Shops:
D:5 !


Innate Abilities, Weirdness & Mutations

You can wield a second weapon in your off-hand.
It takes a long time for you to wield or remove held weapons.
Your first few attacks do less damage.
You cannot equip rings or amulets.


Message History

You shoot a sling bullet. The sling bullet barely misses Edmund.
Edmund hits you with a +3 flail of protection.
Unknown command.
You shoot a sling bullet. The sling bullet closely misses Edmund.
You shoot a sling bullet. The sling bullet hits Edmund!
Edmund is almost dead.
Edmund hits you with a +3 flail of protection.
Unknown command.
You shoot a sling bullet.
The sling bullet hits Edmund but does no damage.
Edmund is almost dead.
You shoot a sling bullet.
The sling bullet hits Edmund but does no damage.
Edmund is almost dead.
Edmund hits you with a +3 flail of protection.
You shoot a sling bullet. The sling bullet hits Edmund!
You kill Edmund!
You shoot a sling bullet.
Unknown command.
You cannot move.
You cannot move.
You cannot move.
You start resting.
You feel less wooden.
Your +0 pair of gloves unmelds from your body.
Your +0 ring mail unmelds from your body.
Items here: $ ) [ †.
You see here a howler monkey corpse.
You shoot a sling bullet.
The sling bullet hits the wight but does no damage.
You shoot a sling bullet. The sling bullet hits the wight.
The wight is moderately damaged.
The wight hits you with a +3 dire flail!
* * * LOW HITPOINT WARNING * * *
You feel drained.
* * * LOW HITPOINT WARNING * * *
As you read the scroll of teleportation, it crumbles to dust.
You feel strangely unstable.
The wight hits you with a +3 dire flail!
You die...

#....)........#
#####†############# ##
#........# .. #........# ..
. ###........# # S#.#
#........###.# .#.#
#............ . .5<
#.........#####.._.#####@###
#........>z@)$.........<....
#.........###.##.........##.
#########.# ......###### #.#
.... #.# ... #.# .. #.. .
###


You could see a wight.

Vanquished Creatures
  Sigmund (D:5)
  Edmund (D:6)
  A water moccasin (D:6)
  A black bear (D:5)
  An ogre (D:5)
  A scorpion (D:5)
  2 wights (D:6)
  A howler monkey (D:6)
  A bombardier beetle (D:4)
  A hound (D:6)
  A gnoll bouda (D:5)
  An orc wizard (D:5)
  An iguana (D:4)
  3 gnolls (D:5)
  4 adders
  A shadow imp (D:6)
  A ribbon worm (D:3)
  9 orcs
  4 endoplasms
  2 goblins (D:4)
  3 hobgoblins
  2 jackals (D:2)
  2 quokkas
  5 ball pythons
  4 frilled lizards
  2 kobolds (D:4)
  2 rats (D:2)
58 creatures vanquished.

Notes
Turn   | Place    | Note
-------+----------+-------------------------------------------
     0 | D:1      | sirjones the Coglin Hunter began the quest for the Orb.
     0 | D:1      | Reached XP level 1. HP: 16/16 MP: 1/1
   141 | D:1      | Reached XP level 2. HP: 22/22 MP: 2/2
   274 | D:2      | Reached XP level 3. HP: 27/27 MP: 3/3
   309 | D:2      | Reached skill level 4 in Ranged Weapons
   562 | D:4      | Reached skill level 1 in Armour
   562 | D:4      | Reached XP level 4. HP: 34/34 MP: 4/4
   563 | D:4      | Found a blossoming altar of Fedhas.
  1182 | D:5      | Entered Level 5 of the Dungeon
  1196 | D:5      | Reached XP level 5. HP: 23/40 MP: 5/5
  1289 | D:5      | Noticed an ogre
  1293 | D:5      | Killed an ogre
  1294 | D:5      | Reached skill level 5 in Ranged Weapons
  1294 | D:5      | Reached XP level 6. HP: 47/47 MP: 6/6
  1299 | D:5      | Noticed Sigmund
  1306 | D:5      | Killed Sigmund
  1307 | D:5      | Reached XP level 7. HP: 39/52 MP: 7/7
  1551 | D:5      | Found Barhy's Distillery.
  1561 | D:5      | Bought a potion of heal wounds for 65 gold pieces
  1561 | D:5      | Bought a potion of invisibility for 104 gold pieces
  1956 | D:6      | Noticed Edmund
  1956 | D:6      | Found a burning altar of Makhleb.
  2027 | D:6      | Reached skill level 6 in Ranged Weapons
  2186 | D:6      | Reached XP level 8. HP: 60/60 MP: 8/8
  2219 | D:6      | Killed Edmund
  2226 | D:6      | Slain by a wight

Illustrated notes

Levels and vault maps discovered:
D:1:      minmay_arrival_stone_box, layout_loops_cross, serial_shops, shop
D:2:      layout_rooms
D:3:      layout_basic
D:4:      nicolae_cairo_tiling_large_dashed, layout_basic, fedhas_altar_1
D:5:      layout_loops_ring, serial_shops, nicolae_shop_industrial_runoff,
          nicolae_tricolors, uniq_sigmund
D:6:      layout_basic, nicolae_dithmenos_the_darkroom, bloody_makhleb,
          uniq_edmund, uniq_menkaure

Skill      XL: |  1  2  3  4  5  6  7  8 |
---------------+-------------------------+-----
Dodging        | 2 3 4 |  4.1
Ranged Weapons | 4 5 6 |  6.5
Armour         | 1 2 3 |  3.5
Fighting       | 3 4 |  4.5
Stealth        | |  0.7

Action                     |  1- 3 |  4- 6 |  7- 9 || total
---------------------------+-------+-------+-------++-------
  Melee: Sling             |       |     4 |       ||     4
   Fire: Sling             |   104 |   102 |   190 ||   396
    Use: Scroll            |     6 |     1 |     3 ||    10
         Potion            |       |       |     1 ||     1
 Armour: Ring mail         |     1 |    16 |    36 ||    53
         Skin              |       |       |    24 ||    24
  Dodge: Dodged            |     3 |    17 |    24 ||    44

Table legend: (Time is in decaauts)
 A = Elapsed time spent in this place.
 B = Non-inter-level travel time spent in this place.
 C = Inter-level travel time spent in this place.
 D = Time resting spent in this place.
 E = Time spent auto-exploring this place.
 F = Levels seen in this place.
 G = Mean time per level.
                   A        B        C        D        E       F      G
               +--------+--------+--------+--------+--------+-----+--------+
         Total |   2278 |   2112 |    166 |    157 |   1525 |   6 |  379.7 |
       Dungeon |   2278 |   2112 |    166 |    157 |   1525 |   6 |  379.7 |
               +--------+--------+--------+--------+--------+-----+--------+

Top non-repeatable levels by time:
     D:5: 841 daAuts
     D:4: 719 daAuts
     D:6: 233 daAuts
     D:1: 208 daAuts
     D:2: 151 daAuts
     D:3: 125 daAuts
